 Dungeon Crawl Stone Soup version 0.28.0-53-g5a82cb258f (webtiles) character file.

Game seed: 7531485225411539797

4127 nickcage the Arsonist (level 10, 0/56 HPs)
             Began as a Deep Elf Fire Elementalist on May 24, 2022.
             Was a Follower of Vehumet.
             Slain by a vampire (9 damage)
             ... on level 8 of the Dungeon.
             The game lasted 00:28:04 (10150 turns).

nickcage the Arsonist (Deep Elf Fire Elementalist) Turns: 10150, Time: 00:28:04

Health: 0/56       AC:  6    Str:  5    XL:     10   Next: 6%
Magic:  11/25      EV: 12    Int: 25    God:    Vehumet [*.....]
Gold:   373        SH:  0    Dex: 15    Spells: 10/27 levels left

rFire   . . .      SeeInvis .   m - +5 dagger (vamp)
rCold   . . .      Faith    .   (no shield)
rNeg    . . .      Spirit   .   a - +0 robe
rPois   +          Reflect  .   (no helmet)
rElec   .          Harm     .   b - +1 cloak
rCorr   .          Rampage  .   J - +0 pair of gloves
Will    +....                   E - +0 pair of boots
Stlth   ++........              (no amulet)
HPRegen 0.18/turn               p - ring of poison resistance
MPRegen 0.19/turn               C - +4 ring of slaying

@: no status effects
A: no striking features
a: Renounce Religion


You were on level 8 of the Dungeon.
You worshipped Vehumet.
Vehumet was aware of your devotion.
You visited 2 branches of the dungeon, and saw 10 of its levels.

You collected 373 gold pieces.

Inventory:

Hand Weapons
 c - a +0 rapier
 m - a +5 vampiric dagger (weapon)
Armour
 a - a +0 robe (worn)
 b - a +1 cloak (worn)
 f - a +1 cloak
 E - a +0 pair of boots (worn)
 J - a +0 pair of gloves (worn)
 N - +0 steam dragon scales
Magical Staves
 x - a staff of conjuration
Jewellery
 p - a ring of poison resistance (left hand)
 r - an amulet of faith
 C - a +4 ring of slaying (right hand)
 O - a +6 ring of dexterity
Wands
 h - a wand of iceblast (10)
 t - a wand of digging (10)
 L - a wand of mindburst (14)
Scrolls
 d - 4 scrolls of teleportation
 i - a scroll of enchant armour
 v - a scroll of blinking
 w - a scroll of enchant weapon
 y - 2 scrolls of magic mapping
 B - 3 scrolls of holy word {unknown}
 D - 2 scrolls of identify
 F - 3 scrolls of fear
 G - a scroll of acquirement {unknown}
 H - a scroll of silence
 K - a scroll of noise {unknown}
 M - a scroll of amnesia {unknown}
Potions
 e - 5 potions of haste
 g - a potion of berserk rage
 j - 2 potions of curing
 k - 3 potions of invisibility
 l - 2 potions of degeneration
 n - a potion of magic {unknown}
 o - 2 potions of flight {unknown}
 q - 2 potions of resistance {unknown}
 s - a potion of experience {unknown}
 u - a potion of might {unknown}
 z - 2 potions of heal wounds {unknown}
 A - 2 potions of ambrosia {unknown}
 I - a potion of lignification {unknown}


   Skills:
 * Level 3.8 Fighting
 - Level 2.0 Short Blades
 - Level 2.4 Dodging
 - Level 2.4 Stealth
 - Level 9.4 Spellcasting
 - Level 2.2 Conjurations
 - Level 3.0 Hexes
 + Level 11.6 Fire Magic
 - Level 4.0 Earth Magic
 - Level 2.3 Evocations


You had 10 spell levels left.
You knew the following spells:

 Your Spells              Type           Power      Damage    Failure   Level
a - Foxfire               Conj/Fire      100%       2x1d9     1%          1
b - Scorch                Fire           100%       2d10      1%          2
c - Conjure Flame         Conj/Fire      46%        6-21      1%          3
d - Flame Wave            Conj/Fire      46%        2d10      3%          4
e - Slow                  Hex            100%       N/A       1%          1
f - Passwall              Tmut/Erth      18%        N/A       3%          2
g - Stone Arrow           Conj/Erth      54%        3d10      4%          3
h - Magic Dart            Conj           88%        1d7       2%          1

Your spell library contained the following spells:

 Spells                   Type           Power      Damage    Failure   Level
 Sandblast                Erth           64%        2d14      1%          1
 Inner Flame              Hex/Fire       48%        N/A       1%          3
 Confusing Touch          Hex            26%        N/A       4%          3
 Dazzling Flash           Conj/Hex       48%        N/A       5%          3
 Vampiric Draining        Necr           11%        2d6       16%         3
 Iskenderun's Mystic Bla  Conj/Tloc      17%        2d5       32%         4
 Starburst                Conj/Fire      23%        6d8       43%         6


Dungeon Overview and Level Annotations

Branches:
Dungeon (9/15)             Temple (1/1) D:5
   Lair: D:8-11         Orc: D:9-12

Altars:
Ashenzari
Cheibriados
Dithmenos
Elyvilon
Fedhas
Gozag
Hepliaklqana
Kikubaaqudgha
Makhleb
Nemelex Xobeh
Okawaru
Qazlal
Ru
Sif Muna
Trog
Uskayaw
Vehumet
Wu Jian
Yredelemnul
Zin
The Shining One


Message History

Found 14 arrows.
You hear the faint creaking of a distant portcullis.
Flames lash the gnoll.
The gnoll is severely wounded.
The gnoll's fire resistance burns away.
You hear two shouts!
Flames lash the gnoll.
The gnoll is burned terribly!
You kill the gnoll!
Vehumet accepts your kill.
You feel your power returning.
You start resting.
A vampire comes into view.
The vampire gestures wildly while chanting.
The vampire flickers and vanishes!
Deactivating autopickup; reactivate with Ctrl-A.
You hear some strange, mumbled words.
Something tries to affect you, but you resist.
There is a stone staircase leading up here.
Something hits you. Something bites you!
Something draws strength from your injuries!
You climb upwards.
Reactivating autopickup.
There is a stone staircase leading down here.
Casting: Scorch (safe; 1% risk of failure)
Confirm with . or Enter, or press ? or * to list all spells.
Flames lash something.
Something hits you but does no damage.
Deactivating autopickup; reactivate with Ctrl-A.
Something completely misses you.
Casting: Scorch (safe; 1% risk of failure)
Confirm with . or Enter, or press ? or * to list all spells.
Flames lash something.
Something hits you. Something bites you!
Something draws strength from your injuries!
Casting: Scorch (safe; 1% risk of failure)
Confirm with . or Enter, or press ? or * to list all spells.
Flames lash something.
Something draws life force from you!
* * * LOW HITPOINT WARNING * * *
Casting: Scorch (safe; 1% risk of failure)
Confirm with . or Enter, or press ? or * to list all spells.
Flames lash something.
Something hits you!
You die...

#.........#.##...)###############
##[......##.###.#.# #..........
##.....###.# #.#.## #.....####.
##...## #.# #....# #...### #.
##'## #.# ###..# #..#######. #.#
#.# #..# #..##...... #.#
#.#####..# #.###....#.
#####.#####.....<..# #.# #....#.
...#...##......{@#.# #.# #...##.
##......#.######.#.####.###.####.
#.#...##.# #.#....#..(.......
##.##.###.######.#.##...........#
...................####.......###
##.##.###.######.### #....#### #
#.##.# #.# #.# #.#### ## ##.##.#
#.######.# #...### #. ...##.#
#....รท...# #...).## #.


There were no monsters in sight!

Vanquished Creatures
  Pikel (D:5)
  A komodo dragon (D:6)
  A yak (D:8)
  A steam dragon (D:8)
  Grum (D:8)
  2 water moccasins
  An orc warrior (D:8)
  A sky beast (D:7)
  A black bear (D:8)
  An ice beast (D:8)
  An ogre (D:5)
  2 necrophages (D:5)
  6 centaurs
  2 wolves (D:8)
  A lemure (D:4)
  5 bullfrogs
  2 scorpions
  A wyvern skeleton (D:7)
  5 killer bees (D:9)
  A wight (D:8)
  A jelly (D:8)
  A centaur skeleton (D:4)
  A centaur zombie (D:5)
  6 hounds
  Crazy Yiuf (D:6)
  A gnoll shaman (D:7)
  2 iguanas (D:5)
  6 orc wizards (D:4)
  2 hound skeletons
  10 gnolls
  6 adders
  A white imp (D:7)
  An adder skeleton (D:4)
  A worm (D:2)
  2 dart slugs
  12 orcs
  6 ball pythons
  4 bats
  6 endoplasms
  5 giant cockroaches
  9 goblins
  4 hobgoblins
  8 jackals
  2 quokkas
  5 frilled lizards
  5 kobolds
  3 rats (D:1)
148 creatures vanquished.

Vanquished Creatures (others)
  17 foxfires
  A fungus (D:6)
18 creatures vanquished.

Grand Total: 166 creatures vanquished

Notes
Turn   | Place    | Note
-------+----------+-------------------------------------------
     0 | D:1      | nickcage the Deep Elf Fire Elementalist began the quest for
                  | the Orb.
     0 | D:1      | Reached XP level 1. HP: 10/10 MP: 6/6
   315 | D:1      | Reached skill level 4 in Fire Magic
   315 | D:1      | Reached XP level 2. HP: 15/15 MP: 6/8
   327 | D:1      | Learned a level 2 spell: Scorch
  1077 | D:1      | Reached XP level 3. HP: 19/19 MP: 4/9
  1237 | D:1      | Learned a level 3 spell: Conjure Flame
  1356 | D:2      | Found a faded altar of an unknown god.
  1404 | D:2      | Reached skill level 5 in Fire Magic
  1900 | D:3      | Noticed a bullfrog
  1917 | D:3      | Reached XP level 4. HP: 24/24 MP: 5/10
  2298 | D:3      | Killed a bullfrog
  2299 | D:3      | Reached skill level 6 in Fire Magic
  2299 | D:3      | Reached XP level 5. HP: 28/28 MP: 5/11
  3300 | D:4      | Reached XP level 6. HP: 32/32 MP: 8/13
  3475 | D:4      | Reached skill level 7 in Fire Magic
  3899 | D:4      | Reached skill level 5 in Spellcasting
  4645 | D:5      | Entered Level 5 of the Dungeon
  4645 | D:5      | Noticed Pikel
  4761 | D:5      | Reached XP level 7. HP: 13/36 MP: 9/17
  4988 | D:5      | Killed Pikel
  4989 | D:5      | Reached skill level 8 in Fire Magic
  4989 | D:5      | Reached XP level 8. HP: 41/41 MP: 9/21
  5088 | D:5      | Found a staircase to the Ecumenical Temple.
  5107 | Temple   | Entered the Ecumenical Temple
  5113 | Temple   | Learned a level 4 spell: Flame Wave
  5115 | Temple   | Learned a level 1 spell: Slow
  5175 | Temple   | Became a worshipper of Vehumet
  5497 | D:5      | Reached skill level 9 in Fire Magic
  5568 | D:5      | Reached skill level 1 in Hexes
  5968 | D:5      | Found a burning altar of Makhleb.
  6110 | D:6      | Learned a level 2 spell: Passwall
  6114 | D:6      | Learned a level 3 spell: Stone Arrow
  6465 | D:6      | Found a runed translucent door.
  6466 | D:6      | Noticed Crazy Yiuf
  6471 | D:6      | Killed Crazy Yiuf
  6621 | D:6      | Reached skill level 1 in Earth Magic
  7105 | D:7      | Noticed a komodo dragon
  7112 | D:6      | Killed a komodo dragon
  7113 | D:6      | Reached skill level 10 in Fire Magic
  7406 | D:7      | Reached XP level 9. HP: 45/45 MP: 8/24
  7577 | D:7      | Reached skill level 1 in Evocations
  7778 | D:7      | Reached skill level 1 in Fighting
  8199 | D:7      | Reached * piety under Vehumet
  8199 | D:7      | Offered knowledge of Magic Dart by Vehumet.
  8202 | D:7      | Learned a level 1 spell: Magic Dart
  8207 | D:7      | Reached skill level 1 in Short Blades
  8904 | D:8      | Noticed Grum
  8921 | D:8      | Killed Grum
  9425 | D:8      | Reached skill level 11 in Fire Magic
  9843 | D:8      | Reached XP level 10. HP: 42/56 MP: 18/25
 10120 | D:9      | Noticed a two-headed ogre
 10150 | D:8      | Slain by a vampire

Illustrated notes

Levels and vault maps discovered:
D:1:      minmay_arrival_four_houses, layout_basic
D:2:      layout_rooms, hellmonk_ecumenical_altar_leap_of_faith,
          minmay_misc_feat_room
D:3:      layout_rooms
D:4:      layout_basic, minmay_ruptured
D:5:      layout_rooms, makhleb_blood_cavern_becter, minmay_temple_entry_trees,
          kennysheep_generic_room_2, uniq_pikel
D:6:      layout_loops_ring, uniq_crazy_yiuf_cottage
D:7:      layout_rooms
D:8:      minmay_recursive_quarters, layout_loops_corners, serial_aquarium,
          aquarium_bridge_straight [aquarium_subvault_bridge,
          aquarium_subvault_wall, aquarium_subvault_bridge,
          aquarium_subvault_window], aquarium_bridge_long_joined
          [aquarium_subvault_bridge, aquarium_subvault_bridge,
          aquarium_subvault_balcony, aquarium_subvault_wall,
          aquarium_subvault_wall, aquarium_subvault_bridge], aquarium_window_1,
          aquarium_window_1, aquarium_window_2, aquarium_window_fake,
          aquarium_view_2a, aquarium_pool_1, uniq_grum
D:9:      layout_basic, xom_confusion_cloud, enter_bailey_2,
          grunt_decor_mini_mirrors, minmay_misc_feat_pillars
Temple:   mainiacjoe_temple_cubbyholes

Skill      XL: |  1  2  3  4  5  6  7  8  9 |
---------------+----------------------------+-----
Fire Magic     | 4 5 6 7 8 10 11 | 11.6
Conjurations   | 2 |  2.2
Spellcasting   | 5 7 9 |  9.4
Hexes          | 3 |  3.0
Earth Magic    | 2 4 |  4.0
Evocations     | 2 |  2.3
Fighting       | 3 |  3.8
Short Blades   | 2 |  2.0
Dodging        | |  2.4
Stealth        | |  2.4

Action                   |  1- 3 |  4- 6 |  7- 9 | 10-12 || total
-------------------------+-------+-------+-------+-------++-------
Melee: Dagger            |     8 |    45 |     4 |       ||    57
       Punch             |       |     2 |       |       ||     2
 Cast: Foxfire           |    10 |       |       |       ||    10
       Scorch            |    35 |    62 |   115 |     9 ||   221
       Magic Dart        |       |       |     2 |       ||     2
       Conjure Flame     |       |       |     2 |       ||     2
       Flame Wave        |       |       |     1 |     1 ||     2
  Use: Scroll            |     8 |     5 |     1 |       ||    14
 Stab: Sleeping          |       |     2 |       |       ||     2
Armor: Robe              |     4 |    16 |    15 |     1 ||    36
Dodge: Dodged            |     8 |    15 |    19 |     7 ||    49
